 Dungeon Crawl Stone Soup version 0.19-a0-1224-g978f909 (webtiles) character file.

10080 LORDOFBUTT the Blocker (level 11, -5/99 HPs)
             Began as a Minotaur Fighter on Aug 24, 2016.
             Was an Initiate of Gozag.
             Slain by a hill giant
             ... wielding a +0 giant spiked club
              (31 damage)
             ... on level 11 of the Dungeon.
             The game lasted 00:15:30 (9446 turns).

LORDOFBUTT the Blocker (Minotaur Fighter)           Turns: 9446, Time: 00:15:31

Health: -5/99      AC: 15    Str: 23    XL:     11   Next: 31%
Magic:  10/10      EV:  3    Int:  5    God:    Gozag
Gold:   2122       SH:  8    Dex: 13    Spells: 0 memorised, 10 levels left

rFire  . . .     SeeInvis .     a - +0 flail (elec)
rCold  . . .     Gourm    .     k - +0 plate armour
rNeg   . . .     Faith    .     c - +0 shield
rPois  +         Spirit   .     (helmet restricted)
rElec  .         Dismiss  .     A - +2 cloak {MR+}
rCorr  .         Reflect  .     (no gloves)
MR     ++...     Harm     +     b - +1 pair of boots
Stlth  ..........               E - amulet of harm
                                g - ring of poison resistance
                                p - ring of protection from magic

@: very heavily drained
A: retaliatory headbutt, horns 2, strong 1
a: Potion Petition, Call Merchant, Bribe Branch, Renounce Religion


You were on level 11 of the Dungeon.
You worshipped Gozag.
Gozag was most pleased with you.
You were not hungry.

You visited 2 branches of the dungeon, and saw 12 of its levels.

You collected 2217 gold pieces.
You paid 95 gold pieces to Gozag.

Inventory:

Hand Weapons
 a - a +0 flail of electrocution (weapon)
 B - a +2 mace of protection
Armour
 b - a +1 pair of boots (worn)
 c - a +0 shield (worn)
 k - a +0 plate armour (worn)
 A - a +2 cloak of magic resistance (worn)
Jewellery
 g - a ring of poison resistance (right hand)
 p - a ring of protection from magic (left hand)
 s - an uncursed ring of see invisible
 E - an amulet of harm (around neck)
 S - an uncursed ring of stealth {unknown}
Wands
 m - a wand of paralysis (10/24)
 y - a wand of paralysis (10/24)
 I - a wand of slowing (20/48)
 J - a wand of flame (25/48)
 K - a wand of iceblast (8/15)
 R - a wand of iceblast (9/15)
Scrolls
 i - 2 scrolls of teleportation
 l - 3 scrolls of remove curse
 o - a scroll of fog
 t - a scroll of amnesia
 w - a scroll of fear
 M - 2 scrolls of recharging
 Q - a scroll of vulnerability {unknown}
Potions
 e - a potion of invisibility
 h - 2 potions of curing
 j - 6 potions of agility
 n - a potion of cure mutation
 q - a potion of brilliance {unknown}
 r - 2 potions of heal wounds
 u - 2 potions of lignification
 v - a potion of flight
 z - 2 potions of degeneration
Books
 H - a book of the Dragon

   Spells                             Type                      Level
   a - Flame Tongue                   Conjuration/Fire             1
   b - Cause Fear                     Hexes                        4
   c - Bolt of Fire                   Conjuration/Fire             6
   d - Dragon Form                    Transmutation                7
   e - Dragon's Call                  Summoning                    9
Comestibles
 f - 9 bread rations
 x - a meat ration
 D - 4 slices of pizza
 F - 2 beef jerkies
 O - 13 royal jellies


   Skills:
 + Level 9.8(0.0) Fighting
 + Level 9.6(0.0) Maces & Flails
 + Level 11.0(0.0) Armour
 + Level 3.8(0.0) Dodging
 + Level 2.1(0.0) Stealth
 + Level 12.4(0.0) Shields
 + Level 0.1(0.0) Evocations


You had 10 spell levels left.
You didn't know any spells.

Dungeon Overview and Level Annotations

Branches:
Dungeon (11/15)            Temple (1/1) D:4            Lair (0/6) D:11
    Orc: D:9-12

Altars:
Ashenzari
Cheibriados
Dithmenos
Elyvilon
Fedhas
Gozag
Hepliaklqana
Kikubaaqudgha
Makhleb
Nemelex Xobeh
Okawaru
Qazlal
Ru
Sif Muna
Trog
Uskayaw
Vehumet
Xom
Yredelemnul
Zin
The Shining One

Shops:
D:5 *


Innate Abilities, Weirdness & Mutations

You reflexively headbutt those who attack you in melee.
You have a pair of horns on your head.
Your muscles are strong. (Str +2)


Message History

The hill giant is moderately wounded.
You block the sheep's attack. The hill giant barely misses you.
Your shield and plate armour prevent you from hitting the hill giant.
You headbutt the hill giant!
The hill giant is heavily wounded.
The sheep bites you but does no damage.
The hill giant hits you with a giant spiked club!!
The sheep bites you but does no damage.
You sock the hill giant!
There is a sudden explosion of sparks!
You headbutt the hill giant.
The hill giant is almost dead.
You block the sheep's attack. You block the hill giant's attack.
Your plate armour prevents you from hitting the hill giant.
The hill giant is almost dead.
The centaur barely misses you. The sheep bites you.
* * * LOW HITPOINT WARNING * * *
The centaur hits you but does no damage.
The hill giant hits you with a giant spiked club!!
You die...
Your body crumbles into a pile of gold.

#.... ...... #....
..... #.... .... #....
... ### #.... ..##..
#.... ..#.# #....
#.#.# #....
#####@#.##### #####
#...cCY.....# #
#....Y.Y....###
#.............##
#...P....P....P##
#.......♣......P#
#..♣..P.....♣P.P######
#.......P..♣.P........
#......♣...P(..YP.....


You could see a hill giant, a centaur and 3 sheep.

Vanquished Creatures
  The ghost of towersofbeng the Cleaver, a novice MiFi of Makhleb (D:9)
  Sonja (D:10)
  The ghost of LogicNinja the Carver, a novice DsGl (D:5)
  Maurice (D:8)
  A troll (D:10)
  A queen bee (D:10)
  3 wyverns (D:9)
  A basilisk (D:11)
  A hungry ghost (D:7)
  A human (D:7)
  2 hippogriffs (D:10)
  4 porcupines (D:11)
  6 orc warriors
  3 ice beasts
  3 sky beasts
  An ogre (D:10)
  A black bear (D:8)
  A necrophage (D:6)
  3 phantoms
  4 centaurs
  A crocodile (D:11)
  A big kobold (D:8)
  6 giant frogs
  A wyvern zombie (D:10)
  5 scorpions
  8 wights
  32 killer bees
  2 howler monkeys (D:9)
  A giant frog zombie (D:8)
  A wasp zombie (D:10)
  3 crimson imps
  A quasit (D:8)
  2 giant frog skeletons (D:6)
  2 hounds
  8 orc priests
  Crazy Yiuf (D:6)
  A jelly (D:10)
  3 iguanas
  9 orc wizards
  7 worker ants
  10 sheep
  A hound zombie (D:8)
  A hound skeleton (D:6)
  Robin (D:4)
  10 adders
  5 river rats
  2 shadow imps
  2 adder zombies (D:9)
  An adder skeleton (D:7)
  3 worms
  A dart slug (D:1)
  6 giant geckos
  53 orcs
  11 bats
  8 giant cockroaches
  7 hobgoblins
  4 jackals (D:3)
  6 kobolds
  6 quokkas
  10 giant newts
  21 goblins
  14 rats
318 creatures vanquished.

Vanquished Creatures (others)
  A giant gecko (D:2)
1 creature vanquished.

Grand Total: 319 creatures vanquished

Notes
Turn   | Place    | Note
-------+----------+-------------------------------------------
     0 | D:1      | LORDOFBUTT the Minotaur Fighter began the quest for the Orb.
     0 | D:1      | Reached XP level 1. HP: 19/19 MP: 0/0
   240 | D:1      | Reached XP level 2. HP: 27/27 MP: 1/1
   278 | D:1      | Reached skill level 4 in Shields
   716 | D:2      | Reached XP level 3. HP: 14/33 MP: 2/2
  1033 | D:2      | Reached XP level 4. HP: 19/40 MP: 3/3
  1496 | D:2      | Found a radiant altar of Vehumet.
  1802 | D:3      | Found a white marble altar of Elyvilon.
  2009 | D:3      | Reached XP level 5. HP: 45/47 MP: 4/4
  2094 | D:3      | Reached skill level 5 in Shields
  2279 | D:4      | Found a staircase to the Ecumenical Temple.
  2314 | D:4      | Reached skill level 5 in Armour
  2325 | D:4      | Noticed Robin
  2626 | D:4      | Found a glowing silver altar of Zin.
  3139 | D:4      | Killed Robin
  3337 | Temple   | Entered the Ecumenical Temple
  3433 | Temple   | Became a worshipper of Gozag Ym Sagoz the Greedy
  3461 | D:5      | Entered Level 5 of the Dungeon
  3506 | D:5      | Noticed LogicNinja's ghost (novice DsGl)
  3523 | D:5      | Killed LogicNinja's ghost
  3523 | D:5      | Reached skill level 5 in Fighting
  3523 | D:5      | Reached skill level 6 in Shields
  3523 | D:5      | Reached XP level 6. HP: 12/56 MP: 5/5
  3523 | D:5      | Reached XP level 7. HP: 13/61 MP: 6/6
  3590 | D:5      | Reached skill level 1 in Dodging
  3590 | D:5      | Reached skill level 7 in Shields
  3630 | D:5      | Found a hide-covered altar of Uskayaw.
  3630 | D:5      | Noticed a hand axe
  3630 | D:5      | Noticed a hand axe
  3964 | D:5      | Found a burning altar of Makhleb.
  3982 | D:5      | Found Vesiw's Assorted Antiques.
  4003 | D:5      | Reached XP level 8. HP: 37/70 MP: 7/7
  4334 | D:5      | Found a sacrificial altar of Ru.
  4469 | D:6      | Reached skill level 5 in Maces & Flails
  4511 | D:6      | Found a runed door.
  4653 | D:6      | Found a hazy altar of Hepliaklqana.
  4738 | D:6      | Reached skill level 8 in Shields
  5099 | D:6      | Noticed Crazy Yiuf
  5103 | D:6      | Killed Crazy Yiuf
  5186 | D:6      | Found a shadowy altar of Dithmenos.
  5309 | D:6      | Reached XP level 9. HP: 71/79 MP: 8/8
  5546 | D:7      | Found a basalt altar of Yredelemnul.
  5687 | D:7      | Found an ancient bone altar of Kikubaaqudgha.
  5782 | D:7      | Reached skill level 9 in Shields
  5958 | D:7      | Reached skill level 1 in Stealth
  6335 | D:8      | Noticed Maurice
  6397 | D:8      | Killed Maurice
  6397 | D:8      | Reached skill level 10 in Shields
  6443 | D:8      | Found a snail-covered altar of Cheibriados.
  6547 | D:8      | Reached XP level 10. HP: 86/90 MP: 9/9
  7373 | D:9      | Noticed towersofbeng's ghost (novice MiFi)
  7394 | D:9      | Killed towersofbeng's ghost
  7394 | D:9      | Reached skill level 10 in Armour
  7394 | D:9      | Reached skill level 11 in Shields
  7782 | D:10     | Entered Level 10 of the Dungeon
  7865 | D:10     | Reached skill level 12 in Shields
  7957 | D:10     | Reached XP level 11. HP: 77/97 MP: 10/10
  8285 | D:10     | Noticed Sonja
  8606 | D:10     | Gained mutation: You are partially covered in rugged brown scales. (AC +1, +3% HP) [potion of mutation]
  8606 | D:10     | Gained mutation: You are frail. (-10% HP) [potion of mutation]
  8606 | D:10     | Gained mutation: Your magical capacity is low. (-10% MP) [potion of mutation]
  8607 | D:10     | Lost mutation: Your magical capacity is low. (-10% MP) [potion of cure mutation]
  8607 | D:10     | Lost mutation: You are partially covered in rugged brown scales. (AC +1, +3% HP) [potion of cure mutation]
  8607 | D:10     | Lost mutation: You are frail. (-10% HP) [potion of cure mutation]
  8608 | D:10     | Gained mutation: Your muscles are strong. (Str +2) [potion of beneficial mutation]
  8815 | D:11     | Found a staircase to the Lair.
  8904 | D:11     | Noticed a hill giant
  9357 | D:10     | Killed Sonja
  9446 | D:11     | Slain by a hill giant

Vault maps used:
D:1:      scummos_arrival_star
D:2:      fiery_altar_vehumet, serial_glass, glass_columns_c, glass_columns_a,
          glass_columns_a, glass_columns_b, glass_columns_a, glass_columns_a,
          glass_columns_b, glass_columns_b, glass_columns_a, glass_columns_a,
          glass_columns_b, glass_columns_a, glass_columns_a, glass_columns_c
D:3:      lemuel_doored_altar
D:4:      kennysheep_little_box, interstate_on_off, uniq_robin
D:5:      nicolae_ru_path_of_blood, nicolae_overflow_crystal_walls,
          dancing_weapons_uskayaw, serial_shops, kennysheep_mini_moat,
          first_bread, kennysheep_generic_room_6
D:6:      nicolae_dithmenos_shadow_blocks, marbit_many_paths,
          kennysheep_crisscross, uniq_crazy_yiuf_cottage
D:7:      old_standard_altar, kennysheep_mini, grunt_livestock
D:8:      cheibriados_altar_wand_db, uniq_maurice
D:10:     hangedman_decor_points, uniq_sonja
D:11:     minmay_lair_entry_grove, serial_shops, shop, patterned_corridor,
          uniq_josephine
Temple:   compressed_dpeg_circular_temple

Skill      XL: |  1  2  3  4  5  6  7  8  9 10 11 |
---------------+----------------------------------+-----
Armour         | 4 6 7 8 9 10 11 | 11.0
Shields        | 4 6 7 8 10 12 | 12.4
Fighting       | 4 5 6 7 8 9 |  9.8
Maces & Flails | 3 4 6 7 9 |  9.6
Dodging        | 1 2 3 |  3.8
Stealth        | 1 2 |  2.1
Evocations     | |  0.1

Action                   |  1- 3 |  4- 6 |  7- 9 | 10-12 || total
-------------------------+-------+-------+-------+-------++-------
Melee: Flail             |    91 |   222 |   370 |   404 ||  1087
       Headbutt          |    13 |    35 |    67 |    73 ||   188
Invok: Potion Petition   |       |       |       |     1 ||     1
Evoke: Wand              |       |       |       |     1 ||     1
  Use: Potion            |     1 |     2 |       |    15 ||    18
       Scroll            |       |     6 |    11 |     5 ||    22
 Stab: Distracted        |       |       |     1 |     3 ||     4
       Paralysed         |       |       |       |     3 ||     3
  Eat: Fruit             |       |     2 |       |       ||     2
       Meat ration       |       |     1 |     2 |     1 ||     4
       Pizza             |       |     1 |       |     6 ||     7
       Bread ration      |       |       |     1 |       ||     1
       Beef jerky        |       |       |     1 |       ||     1
Armor: Scale mail        |    13 |       |       |       ||    13
       Plate armour      |    54 |   212 |   194 |   275 ||   735
Dodge: Dodged            |    21 |    61 |    59 |   122 ||   263
Block: Shield            |    48 |   195 |   224 |   309 ||   776
